 Dungeon Crawl Stone Soup version 0.31-a0-1278-g11c5b68f87 (webtiles) character file.

Game seed: 6794622636687096952

149485 jasper the Bludgeoner (level 16, -4/179 HPs)
             Began as a Troll Cinder Acolyte on Dec 18, 2023.
             Was the Champion of Jiyva.
             Slain by a nagaraja
             ... wielding a +0 halberd
              (11 damage)
             ... on level 4 of the Snake Pit.
             The game lasted 00:39:27 (23117 turns).

jasper the Bludgeoner (Troll Cinder Acolyte)       Turns: 23117, Time: 00:39:28

Health: -4/179     AC: 12    Str: 36    XL:     16   Next: 66%
Magic:  5/5        EV:  7    Int:  9    God:    Jiyva [******]
Gold:   48         SH: 25    Dex:  2    Spells: 17/17 levels left

rFire   + + +        q - +9 eveningstar of a treasure trove {antimagic, +Blink Will- SInv}
rCold   + . .        m - +11 tower shield of Vetheup {rF++ rN+}
rNeg    + + .        U - +0 acid dragon scales
rPois   +            (helmet restricted)
rElec   .            y - +1 cloak
rCorr   +            (gloves unavailable)
SInv    +            (boots unavailable)
Will    ++...        h - amulet of regeneration
Stlth   +            w - ring "Tigeoleick" {Ice rN+ Will++ Dex-2}
HPRegen 3.69/turn    J - +4 ring of slaying
MPRegen 0.89/turn

%: no passive effects
@: constricted, studying Dodging
A: large, unfitting armour, claws 3, regeneration 1, shaggy fur 1, tough skin 1,
fire resistance 3, poison resistance, strong 1, gelatinous body 3, pseudopods 3,
translucent skin 2, MP-powered wands
}: 1/15 runes: slimy
a: Renounce Religion, Evoke Blink, Oozemancy, Slimify


You were on level 4 of the Snake Pit.
You worshipped Jiyva.
Jiyva was exalted by your worship.
You visited 5 branches of the dungeon, and saw 30 of its levels.

You collected 1825 gold pieces.
You spent 1777 gold pieces at shops.

Inventory:

Hand Weapons
 q - the +9 eveningstar of a treasure trove (weapon) {antimagic, +Blink Will- SInv}
   (You acquired it on level 3 of the Snake Pit)

   Will-:     It decreases your willpower.
   SInv:      It lets you see invisible.
   +Blink:    It lets you blink.
Missiles
 g - 33 large rocks
 j - 13 boomerangs (quivered)
 W - 2 curare-tipped darts
 Z - a throwing net
Armour
 m - the +11 tower shield of Vetheup (worn) {rF++ rN+}
   (You acquired it on level 6 of the Dungeon)

   rF++:      It greatly protects you from fire.
   rN+:       It protects you from negative energy.
 y - a +1 cloak (worn)
 B - a +2 robe of positive energy
 U - +0 acid dragon scales (worn)
Jewellery
 b - the ring of Daostudu {rN+ MP-9 Dex+2 SInv}
   (You found it on level 2 of the Orcish Mines)

   [ring of see invisible]

   Dex+2:     It affects your dexterity (+2).
   rN+:       It protects you from negative energy.
   MP-9:      It affects your magic capacity (-9).
   SInv:      It lets you see invisible.
 d - the necklace of Bloodlust {Fury *Rage Will++ Int-3 Slay+6}
   (You found it on level 1 of the Orcish Mines)

   [amulet of nothing]

   Fury:      It extends the wearer's berserk rage when killing foes.
   Int-3:     It affects your intelligence (-3).
   Slay+6:    It affects your accuracy & damage with ranged weapons and melee
   (+6).
   Will++:    It greatly increases your willpower.
   *Rage:     It berserks you when you make melee attacks (+50% chance).
 f - a ring of protection from fire
 h - an amulet of regeneration (around neck)
 o - a ring of poison resistance
 w - the ring "Tigeoleick" (left claw) {Ice rN+ Will++ Dex-2}
   (You found it on level 5 of the Pits of Slime)

   [ring of ice]

   Ice:       It enhances your ice magic.
   Dex-2:     It affects your dexterity (-2).
   rF-:       It makes you vulnerable to fire.
   rC+:       It protects you from cold.
   rN+:       It protects you from negative energy.
   Will++:    It greatly increases your willpower.
 z - the amulet "Ceposchy" {Faith rPois}
   (You found it on level 5 of the Pits of Slime)

   [amulet of faith]

   Faith:     It allows you to gain divine favour quickly.
   rPois:     It protects you from poison
 J - a +4 ring of slaying (right claw)
 Y - a ring of positive energy
Wands
 A - a wand of flame (36)
 D - a wand of paralysis (11)
 H - a wand of digging (3)
 X - a wand of iceblast (7)
Scrolls
 a - 2 scrolls of revelation
 e - 2 scrolls of fear
 i - 3 scrolls of teleportation
 l - 4 scrolls of noise
 n - 4 scrolls of blinking
 p - 6 scrolls of enchant armour
 r - a scroll of amnesia
 v - 6 scrolls of enchant weapon
 F - 7 scrolls of vulnerability
 I - a scroll of brand weapon
 M - a scroll of identify
 O - 2 scrolls of fog
 S - 2 scrolls of poison
Potions
 c - 6 potions of enlightenment
 k - 5 potions of attraction
 s - a potion of lignification
 t - 3 potions of brilliance
 u - 2 potions of curing
 x - 5 potions of magic
 C - 3 potions of cancellation
 E - 2 potions of might
 G - 2 potions of degeneration
 K - 2 potions of berserk rage
 L - 5 potions of mutation
 N - 6 potions of heal wounds
 Q - a potion of invisibility
 R - 2 potions of resistance
 V - a potion of haste
Miscellaneous
 T - a phantom mirror


   Skills:
 * Level 15.9 Fighting
 - Level 16.0 Maces & Flails
 - Level 5.0 Throwing
 + Level 8.0 Armour
 + Level 12.9 Shields
 - Level 1.0 Spellcasting
 - Level 2.1 Fire Magic


You had 17 spell levels left.
You didn't know any spells.
Your spell library contained the following spells:

 Spells                   Type           Power      Damage    Failure   Level
 Scorch                   Fire           8%         2d5       47%         2
 Shock                    Conj/Air       0%         1d3       65%         1
 Slow                     Hex            0%         N/A       65%         1
 Blink                    Tloc           0%         N/A       78%         2
 Cigotuvi's Dreadful Rot  Necr/Pois/Air  0%         N/A       78%         2
 Ensorcelled Hibernation  Hex/Ice        0%         N/A       78%         2
 Jinxbite                 Hex            0%         N/A       78%         2
 Passwall                 Tmut/Erth      0%         N/A       78%         2
 Poisonous Vapours        Pois/Air       0%         N/A       78%         2
 Inner Flame              Hex/Fire       2%         N/A       86%         3
 Ignite Poison            Fire/Tmut/Pois 1%         N/A       89%         3
 Confusing Touch          Hex            0%         N/A       95%         3
 Gell's Gravitas          Tloc           0%         N/A       95%         3
 Mephitic Cloud           Conj/Pois/Air  0%         N/A       95%         3
 Sigil of Binding         Hex            0%         N/A       95%         3
 Swiftness                Air            0%         N/A       95%         3
 Teleport Other           Tloc           0%         N/A       95%         3
 Vampiric Draining        Necr           0%         2d6       95%         3
 Flame Wave               Conj/Fire      2%         2d4       99%         4
 Sticky Flame             Conj/Fire      2%         2d3       99%         4
 Airstrike                Air            0%         2d(0-16)  100%        4
 Manifold Assault         Tloc           0%         N/A       100%        4
 Alistair's Intoxication  Tmut/Pois      0%         N/A       100%        5
 Borgnjor's Vile Clutch   Necr/Erth      0%         N/A       100%        5
 Freezing Cloud           Conj/Ice/Air   0%         6-21      100%        5
 Dispersal                Tloc           0%         N/A       100%        6
 Eringya's Noxious Bog    Tmut/Pois      0%         4d6       100%        6
 Simulacrum               Ice/Necr       0%         N/A       100%        6
 Malign Gateway           Summ/Tloc      0%         N/A       100%        7
 Ozocubu's Refrigeration  Ice            0%         4d7       100%        7
 Summon Hydra             Summ           0%         N/A       100%        7
 Disjunction              Tloc           0%         N/A       100%        8
 Ignition                 Fire           2%         3d3       100%        8
 Polar Vortex             Ice            0%         N/A       100%        9


Dungeon Overview and Level Annotations

Branches:
Dungeon (15/15)            Temple (0/1) D:7            Lair (4/5) D:8
 Shoals (0/4) Lair:3        Snake (4/4) Lair:3        Slime (5/5) Lair:4
    Orc (2/2) D:10            Elf (0/3) Orc:2        Vaults (0/5) D:14
 Depths (0/4) D:15

Altars:
Cheibriados
Fedhas
Hepliaklqana
Kikubaaqudgha
Okawaru
Ru
Sif Muna
Trog
Uskayaw
Vehumet
Xom
The Shining One
Jiyva

Shops:
D:4 [   D:9 (   Orc:1 !   Orc:2 ?((=   Snake:1 =:=   Snake:2 !(?

Portals:
Trove: D:15 (give +7 demon whip)

Annotations:
D:15 Roxanne
Lair:4 1 runed translucent door, SecretSquirrel's ghost, journeyman TeBe
Slime:5 Royal Jelly


Innate Abilities, Weirdness & Mutations

You are too large for most types of armour.
You have claws for hands.
Your natural rate of healing is unusually fast.
You are covered in fur. (AC +1)
You have tough skin. (AC +1)
Your flesh is almost immune to the effects of heat. (rF+++)
Your system is resistant to poisons. (rPois)
Your muscles are strong. (Str +4, Int/Dex -1)
Your gelatinous body deflects attacks. (AC +3, EV +3)
Armour fits poorly on your massive pseudopods.
Your translucent skin reduces your foes' accuracy. (Stealth+)
You expend magic power (3 MP) to strengthen your wands.


Message History

You take 24 damage, and have 58/179 hp.
You skewer the nagaraja like a kebab!!!
You kill the nagaraja!
You feel sick. The nagaraja spits poison at you. The splash of poison hits you.
You are more poisoned.
You resist. The nagaraja spits poison at you. The splash of poison misses you.
You take 3 damage, and have 55/179 hp.
You feel very sick. The nagaraja spits poison at you.
You block the splash of poison. The nagaraja hits you with a +0 spear!!
* * * LOW HITPOINT WARNING * * *
The nagaraja grabs you. The nagaraja constricts you.
* * * LOW HITPOINT WARNING * * *
Things that are here:
a +0 flail; a +0 robe; a naga corpse You take 25 damage, and have 30/179 hp.
You feel better. The nagaraja spits poison at you.
You block the splash of poison. You block the nagaraja's attack.
The nagaraja constricts you.
* * * LOW HITPOINT WARNING * * *
You block the nagaraja's attack.
The nagaraja points at you and mumbles some strange words.
The bolt of poison hits you!
You are poisoned.
You resist.
* * * LOW HITPOINT WARNING * * *
The nagaraja constricts you.
* * * LOW HITPOINT WARNING * * *
You take 3 damage, and have 27/179 hp.
You feel better. The nagaraja hits you with a +0 spear!!
* * * LOW HITPOINT WARNING * * *
The nagaraja constricts you.
* * * LOW HITPOINT WARNING * * *
The nagaraja hits you from afar with a +0 halberd!
You die...

....... ......# .NN...#
......# ......# ......#
######......#
#####...NS.......
####......@#...#....
###..........#........
##......J...|.N.N......
#..........#####......#
##.......#### ......#
#.....#.## #......# #.....#.##
#......# ##.......####
#......# ###
#..........#####......######..


You could see 2 nagarajas, a black mamba and a neutral jelly (wandering) (fellow
slime).

Vanquished Creatures
  Vashnia (Snake:2)
  Jorgrun (D:13)
  A storm dragon (D:15)
  Aizul (Snake:1)
  4 nagarajas
  Donald (Snake:2)
  A stone giant (Orc:1)
  A minotaur (Orc:2)
  Snorg (Orc:1)
  An ettin (Orc:2)
  Josephine (D:13)
  An entropy weaver (shapeshifter) (D:14)
  Fannar (Orc:1)
  The ghost of olourkin the Fighter, a journeyman MiFi (Orc:2)
  2 salamander tyrants
  Erolcha (Orc:2)
  4 ogre magi
  8 anacondas
  10 two-headed ogres
  A hydra (D:14)
  A catoblepas (D:15)
  3 boulder beetles
  4 centaur warriors
  11 naga warriors
  A death knight (D:13)
  5 death yaks
  A deep troll earth mage (D:15)
  10 shock serpents
  7 naga sharpshooters
  Nergalle (Orc:2)
  6 salamander mystics
  A skyshark (Lair:4)
  A fire crab (shapeshifter) (D:14)
  2 sea snakes (Snake:1)
  Pikel (D:3)
  4 naga ritualists
  5 orc knights (Orc:1)
  2 deep elf pyromancers
  10 orc sorcerers
  20 ugly things
  5 mana vipers
  2 manticores
  10 salamanders
  Maurice (Orc:1)
  A kobold blastminer (Orc:1)
  30 black mambas
  13 naga magi
  5 cyclopes
  3 guardian serpents
  A water nymph (Lair:3)
  5 elephants
  Jeremiah (D:6)
  A gargoyle (D:12)
  2 unseen horrors
  3 cane toads
  2 efreet
  2 rime drakes
  A yaktaur (D:12)
  7 komodo dragons
  A freezing wraith (D:15)
  A tengu conjurer (D:14)
  A silent spectre (Orc:1)
  2 polar bears (Lair:4)
  8 trolls
  Grinder (D:5)
  A centaur simulacrum (D:12)
  A vampire (D:12)
  Eustachio (D:3)
  2 water elementals (D:15)
  8 wraiths
  5 wyverns
  57 yaks
  9 basilisks
  A warg (Orc:1)
  7 fire elementals
  3 vampire mosquitoes (D:13)
  Menkaure (D:6)
  32 nagas
  Edmund (D:4)
  4 acid dragons
  14 water moccasins
  5 black bears
  21 orc warriors
  A sky beast (D:7)
  6 ice beasts
  16 ogres
  2 lemures (D:3)
  A centaur (D:6)
  A phantom (D:5)
  2 kobold brigands
  7 bullfrogs
  3 scorpions
  7 wights
  11 killer bees (D:9)
  4 electric eels
  3 vampire bats (D:11)
  6 howler monkeys
  9 orc priests
  A jelly (D:5)
  3 hounds
  Crazy Yiuf (D:4)
  2 sleepcaps (D:5)
  5 iguanas
  23 orc wizards
  13 adders
  3 gnolls (D:3)
  2 river rats (D:6)
  5 shadow imps
  4 white imps
  A worm (D:4)
  A dart slug (D:1)
  60 orcs
  3 ball pythons
  2 bat skeletons (D:11)
  2 bat zombies (D:11)
  6 endoplasms
  4 giant cockroaches
  15 goblins
  8 hobgoblins
  3 jackals (D:3)
  8 quokkas
  7 bats
  5 frilled lizards
  A frilled lizard (shapeshifter) (D:9)
  19 kobolds
  5 rats
712 creatures vanquished.

Vanquished Creatures (collateral kills)
  A boulder beetle (D:13)
1 creature vanquished.

Vanquished Creatures (others)
  The ghost of grandjackal the Fighter, a journeyman DrGl of Gozag (D:11)
  A naga warrior (Snake:1)
  An occultist (D:15)
  A manticore (D:12)
  8 slime creatures
  2 nagas
  An orc warrior (Orc:2)
  A kobold brigand (D:9)
  44 jellies
  4 orc wizards (Orc:2)
  An orc (Orc:2)
  A bat skeleton (D:11)
  A kobold (D:9)
67 creatures vanquished.

Grand Total: 780 creatures vanquished

Notes
Turn   | Place    | Note
-------+----------+-------------------------------------------
     0 | D:1      | jasper the Troll Cinder Acolyte began the quest for the
                  | Orb.
     0 | D:1      | Reached XP level 1. HP: 22/22 MP: 1/1
    34 | D:1      | Reached skill level 3 in Maces & Flails
    34 | D:1      | Reached XP level 2. HP: 29/29 MP: 2/2
   341 | D:1      | You fall into a shaft and drop 1 floor!
   502 | D:1      | Reached XP level 3. HP: 37/37 MP: 3/3
  1838 | D:3      | Reached XP level 4. HP: 45/45 MP: 4/4
  1901 | D:3      | Found a sacrificial altar of Ru.
  2336 | D:3      | Found a shimmering blue altar of Sif Muna.
  2336 | D:3      | Found a snail-covered altar of Cheibriados.
  2336 | D:3      | Found an iron altar of Okawaru.
  2393 | D:3      | Reached skill level 4 in Maces & Flails
  2644 | D:4      | Found Cocsuj's Armour Shoppe.
  2648 | D:4      | Noticed Eustachio
  2654 | D:4      | Noticed a lemure
  2674 | D:3      | Killed a lemure
  2686 | D:4      | Noticed a lemure
  2686 | D:4      | Noticed a lemure
  2725 | D:3      | HP: 1/46 [Eustachio/+0 rapier (5)]
  2725 | D:3      | Killed Eustachio
  2726 | D:3      | Reached XP level 5. HP: 1/54 MP: 5/5
  2726 | D:3      | Reached XP level 6. HP: 1/62 MP: 6/6
  2782 | D:4      | Noticed Pikel
  2804 | D:3      | Killed Pikel
  2805 | D:3      | Reached skill level 5 in Fighting
  2805 | D:3      | Reached skill level 6 in Maces & Flails
  2805 | D:3      | Reached XP level 7. HP: 39/72 MP: 7/7
  2851 | D:4      | Bought a +0 kite shield for 54 gold pieces
  2851 | D:4      | Bought a scarf of repulsion for 144 gold pieces
  2908 | D:4      | Found a runed translucent door.
  2909 | D:4      | Noticed Crazy Yiuf
  3013 | D:4      | Noticed Edmund
  3028 | D:4      | Killed Edmund
  3230 | D:4      | Found a glowing golden altar of the Shining One.
  3280 | D:4      | Killed Crazy Yiuf
  3281 | D:4      | Reached XP level 8. HP: 83/83 MP: 8/8
  3323 | D:5      | Entered Level 5 of the Dungeon
  3450 | D:5      | Reached skill level 7 in Maces & Flails
  3475 | D:5      | Found a radiant altar of Vehumet.
  3682 | D:5      | Noticed Grinder
  3688 | D:5      | Paralysed by Grinder for 2 turns
  3695 | D:5      | Paralysed by Grinder for 5 turns
  3700 | D:5      | Killed Grinder
  3906 | D:5      | Reached skill level 8 in Maces & Flails
  4014 | D:5      | Reached XP level 9. HP: 78/93 MP: 9/9
  4218 | D:6      | Identified a scroll of acquirement
  4218 | D:6      | Acquired the +11 tower shield of Vetheup {rF++ rN+}
  4467 | D:6      | Noticed Jeremiah
  4469 | D:6      | Noticed Menkaure
  4480 | D:6      | Killed Menkaure
  4509 | D:6      | Killed Jeremiah
  4585 | D:6      | Reached skill level 9 in Maces & Flails
  5352 | D:7      | Reached skill level 1 in Shields
  5478 | D:7      | Found a staircase to the Ecumenical Temple.
  5647 | D:7      | Reached XP level 10. HP: 106/106 MP: 10/10
  5946 | D:8      | Found a staircase to the Lair.
  5946 | D:8      | Noticed an elephant
  5991 | D:8      | Killed an elephant
  6202 | D:8      | Found a blossoming altar of Fedhas.
  6205 | D:8      | Found an ancient bone altar of Kikubaaqudgha.
  6288 | D:8      | Reached skill level 10 in Maces & Flails
  6697 | D:8      | Found a hide-covered altar of Uskayaw.
  6835 | Lair:1   | Entered Level 1 of the Lair of Beasts
  7727 | Lair:2   | Noticed a cane toad
  7733 | Lair:2   | Killed a cane toad
  7779 | Lair:2   | Reached skill level 5 in Shields
  7936 | Lair:2   | Reached XP level 11. HP: 117/117 MP: 11/11
  7955 | Lair:2   | Reached skill level 10 in Fighting
  8087 | Lair:2   | Noticed a death yak
  8088 | Lair:2   | Noticed a death yak
  8089 | Lair:2   | Noticed a death yak
  8112 | Lair:2   | Noticed a death yak
  8139 | Lair:2   | Killed a death yak
  8140 | Lair:2   | Reached skill level 11 in Maces & Flails
  8142 | Lair:2   | Killed a death yak
  8149 | Lair:2   | Killed a death yak
  8160 | Lair:2   | Killed a death yak
  9108 | Lair:3   | Identified the +0 scale mail of Zeoxis {Harm +Inv rF- rC+}
  9218 | Lair:3   | Found a staircase to the Snake Pit.
  9255 | Lair:3   | Reached XP level 12. HP: 121/130 MP: 12/12
  9308 | Lair:3   | Identified the +10 falchion "Dewiepue" {freeze, +Blink
                  | Str+3 Dex-2}
  9415 | Lair:3   | Reached skill level 12 in Maces & Flails
  9432 | Lair:3   | Reached skill level 1 in Throwing
 10010 | Lair:4   | Found a runed translucent door.
 10015 | Lair:4   | Found a viscous altar of Jiyva.
 10016 | Lair:4   | Found a staircase to the Slime Pits.
 10024 | Lair:4   | Fell from the grace of Ignis
 10024 | Lair:4   | Became a worshipper of Jiyva Jafarac the Shapeless
 10468 | Lair:4   | Noticed SecretSquirrel's ghost (journeyman TeBe)
 10824 | D:9      | You fall into a shaft and drop 1 floor!
 10824 | D:10     | Entered Level 10 of the Dungeon
 10867 | D:10     | Reached * piety under Jiyva
 11007 | D:9      | You fall into a shaft and drop 1 floor!
 11405 | D:9      | Found a shimmering altar of Xom.
 11406 | D:9      | Found a hazy altar of Hepliaklqana.
 11419 | D:9      | Found Besadoam's Weapon Shop.
 11571 | D:10     | Identified the +4 trident "Death Rattle" {speed, *Rage rC++
                  | Dex+2}
 11575 | D:10     | Reached ** piety under Jiyva
 11746 | D:10     | Found a staircase to the Orcish Mines.
 12209 | D:11     | Killed grandjackal's ghost
 12279 | D:11     | Was forgiven by Ignis
 12366 | D:11     | Found an ancient bone altar of Kikubaaqudgha.
 12413 | D:11     | Reached *** piety under Jiyva
 12428 | D:11     | Noticed a boulder beetle
 12441 | D:11     | Killed a boulder beetle
 12522 | D:11     | Gained mutation: You have a pair of small horns on your
                  | head. [Jiyva's grace]
 12522 | D:11     | Gained mutation: You have a pair of horns on your head.
                  | [Jiyva's grace]
 12522 | D:11     | Gained mutation: You have a pair of large horns on your
                  | head. [Jiyva's grace]
 12522 | D:11     | Gained mutation: Your rubbery body absorbs attacks. (AC +1,
                  | EV +1) [Jiyva's grace]
 12590 | D:11     | Noticed a two-headed ogre
 12595 | D:11     | Killed a two-headed ogre
 12596 | D:11     | Reached skill level 13 in Maces & Flails
 12596 | D:11     | Reached XP level 13. HP: 140/140 MP: 13/13
 12666 | D:11     | Found a runed translucent gate.
 12666 | D:11     | Found a runed translucent gate.
 12667 | D:11     | Found a runed translucent gate.
 12670 | D:11     | Found a viscous altar of Jiyva.
 13133 | D:12     | Reached **** piety under Jiyva
 13233 | D:12     | Reached skill level 1 in Armour
 13685 | D:13     | Reached ***** piety under Jiyva
 13770 | D:13     | Noticed Jorgrun
 13773 | D:13     | Noticed Josephine
 13797 | D:13     | Killed Jorgrun
 13799 | D:13     | Killed Josephine
 13805 | D:13     | Reached skill level 10 in Shields
 13965 | D:13     | Lost mutation: You have a pair of large horns on your head.
                  | [Jiyva's grace]
 13965 | D:13     | Gained mutation: You expend magic power (3 MP) to
                  | strengthen your wands. [Jiyva's grace]
 13965 | D:13     | Gained mutation: Your translucent skin slightly reduces
                  | your foes' accuracy. (Stealth+) [Jiyva's grace]
 13965 | D:13     | Gained mutation: Your translucent skin reduces your foes'
                  | accuracy. (Stealth+) [Jiyva's grace]
 13965 | D:13     | Gained mutation: Your transparent skin significantly
                  | reduces your foes' accuracy. (Stealth+) [Jiyva's grace]
 14605 | D:14     | Reached skill level 14 in Maces & Flails
 14785 | D:14     | Found a gate to the Vaults.
 14794 | D:14     | Reached XP level 14. HP: 123/150 MP: 14/14
 15223 | D:15     | Entered Level 15 of the Dungeon
 15299 | D:15     | Reached ****** piety under Jiyva
 15318 | D:15     | Noticed Roxanne
 15375 | D:15     | Found a portal to a secret trove of treasure.
 15660 | D:15     | Gained mutation: You have acidic saliva. [Jiyva's grace]
 15660 | D:15     | Gained mutation: Armour fits poorly on your pseudopods.
                  | [Jiyva's grace]
 15660 | D:15     | Gained mutation: Armour fits poorly on your large
                  | pseudopods. [Jiyva's grace]
 15660 | D:15     | Gained mutation: Armour fits poorly on your massive
                  | pseudopods. [Jiyva's grace]
 15848 | D:15     | Found a staircase to the Depths.
 15860 | D:15     | Paralysed by an ogre mage for 3 turns
 15919 | D:15     | Noticed a storm dragon
 15936 | D:15     | Killed a storm dragon
 15937 | D:15     | Reached skill level 5 in Armour
 15941 | D:15     | Reached skill level 5 in Throwing
 16363 | Slime:1  | Entered Level 1 of the Pits of Slime
 16364 | Slime:1  | Noticed an acid blob
 16364 | Slime:1  | Noticed an azure jelly
 16366 | Slime:1  | Noticed a quicksilver ooze
 16373 | Slime:1  | Noticed an acid blob
 16375 | Slime:1  | Noticed an azure jelly
 16379 | Slime:1  | Noticed a formless jellyfish
 16380 | Slime:1  | Noticed a formless jellyfish
 16381 | Slime:1  | Noticed an acid blob
 16385 | Slime:1  | Noticed a formless jellyfish
 16474 | Slime:2  | Noticed a rockslime
 16476 | Slime:2  | Noticed a formless jellyfish
 16477 | Slime:2  | Noticed a formless jellyfish
 16479 | Slime:3  | Noticed an azure jelly
 16479 | Slime:3  | Noticed an azure jelly
 16482 | Slime:3  | Noticed an azure jelly
 16517 | Slime:3  | Noticed a quicksilver ooze
 16518 | Slime:3  | Noticed an acid blob
 16547 | Slime:4  | Noticed an acid blob
 16562 | Slime:4  | Noticed an acid blob
 16669 | Slime:5  | Entered Level 5 of the Pits of Slime
 16669 | Slime:5  | Noticed an acid blob
 16691 | Slime:5  | Noticed a rockslime
 16727 | Slime:5  | Noticed the Royal Jelly
 16744 | Slime:5  | Noticed an acid blob
 16750 | Slime:5  | Noticed an azure jelly
 16753 | Slime:5  | Noticed an azure jelly
 16788 | Slime:5  | Noticed a quicksilver ooze
 16805 | Slime:5  | Noticed a quicksilver ooze
 16815 | Slime:5  | Noticed an acid blob
 16832 | Slime:5  | Noticed an acid blob
 16891 | Slime:5  | Noticed a rockslime
 16900 | Slime:5  | Got Tecijaez's Arcane Secrets of Arcane Knowledge
 16902 | Slime:5  | Identified the +5 falchion "Ikhlah" {freeze, Stlth+}
 16903 | Slime:5  | Found a viscous altar of Jiyva.
 16909 | Slime:5  | Noticed an acid blob
 16909 | Slime:5  | Noticed a quicksilver ooze
 16909 | Slime:5  | Noticed a rockslime
 16910 | Slime:5  | Identified the ring "Tigeoleick" {Ice rN+ Will++ Dex-2}
 16924 | Slime:5  | Identified the +1 scimitar "Lyzeeg" {spect, rElec Stlth+}
 16925 | Slime:5  | Noticed an acid blob
 16926 | Slime:5  | Got Sif Muna's Atlas of Fascination
 16934 | Slime:5  | Got a slimy rune of Zot
 16942 | Slime:5  | Identified the amulet "Ceposchy" {Faith rPois}
 16943 | Slime:5  | Noticed a quicksilver ooze
 17044 | Slime:5  | Noticed an acid blob
 17195 | Snake:1  | Entered Level 1 of the Snake Pit
 17315 | Orc:1    | Entered Level 1 of the Orcish Mines
 17447 | Orc:1    | Noticed Fannar
 17458 | Orc:1    | Killed Fannar
 17543 | Orc:1    | Found a transporter.
 17615 | Orc:1    | Found a transporter.
 17615 | Orc:1    | Found a runed translucent door.
 17615 | Orc:1    | Found a bloodstained altar of Trog.
 17615 | Orc:1    | Found the necklace of Bloodlust {Fury *Rage Will++ Int-3
                  | Slay+6}
 17618 | Orc:1    | Noticed a deep elf elementalist
 17633 | Orc:1    | Noticed a stone giant
 17646 | Orc:1    | Killed a stone giant
 17657 | Orc:1    | Identified the +3 plate armour "Fuigule" {Fly rPois Int+2
                  | Stlth+}
 17659 | Orc:1    | Noticed a deep elf elementalist
 17718 | Orc:1    | Noticed Snorg
 17741 | Orc:1    | Killed Snorg
 17813 | Orc:1    | Found Icias's Distillery.
 17820 | Orc:1    | Noticed Maurice
 17825 | Orc:1    | Killed Maurice
 17868 | Orc:1    | Paralysed by an orc sorcerer for 4 turns
 17952 | Orc:1    | Bought a potion of curing for 36 gold pieces
 17952 | Orc:1    | Bought a potion of heal wounds for 60 gold pieces
 17952 | Orc:1    | Bought a potion of might for 48 gold pieces
 17952 | Orc:1    | Bought a potion of heal wounds for 60 gold pieces
 17952 | Orc:1    | Bought a potion of heal wounds for 60 gold pieces
 17952 | Orc:1    | Bought a potion of cancellation for 96 gold pieces
 18033 | Orc:2    | Entered Level 2 of the Orcish Mines
 18033 | Orc:2    | Found a runed translucent gate.
 18049 | Orc:2    | Found a runed translucent gate.
 18050 | Orc:2    | Found a runed translucent gate.
 18062 | Orc:2    | Found a staircase to the Elven Halls.
 18064 | Orc:2    | Noticed olourkin's ghost (journeyman MiFi)
 18194 | Orc:2    | Reached XP level 15. HP: 144/163 MP: 15/15
 18212 | Orc:2    | Killed olourkin's ghost
 18219 | Orc:2    | Identified the ring of Daostudu {rN+ MP-9 Dex+2 SInv}
 18487 | Orc:2    | Found Cizaumam's Antique Weapon Shop.
 18508 | Orc:2    | Found a radiant altar of Vehumet.
 18508 | Orc:2    | Noticed Erolcha
 18525 | Orc:2    | Killed Erolcha
 18546 | Orc:2    | Noticed Nergalle
 18555 | Orc:2    | Killed Nergalle
 18564 | Orc:2    | Paralysed by an orc sorcerer for 3 turns
 18566 | Orc:2    | HP: 7/161 [orc sorcerer/+0 dagger (2)]
 18712 | Orc:2    | Lost mutation: You have a pair of horns on your head.
                  | [Jiyva's grace]
 18712 | Orc:2    | Lost mutation: You have a pair of small horns on your head.
                  | [Jiyva's grace]
 18712 | Orc:2    | Lost mutation: Your transparent skin significantly reduces
                  | your foes' accuracy. (Stealth+) [Jiyva's grace]
 18712 | Orc:2    | Gained mutation: Your muscles are strong. (Str +4, Int/Dex
                  | -1) [Jiyva's grace]
 18712 | Orc:2    | Gained mutation: Your muscles are very strong. (Str +8,
                  | Int/Dex -2) [Jiyva's grace]
 18712 | Orc:2    | Gained mutation: Your flesh is heat resistant. (rF+)
                  | [Jiyva's grace]
 18712 | Orc:2    | Gained mutation: Your flesh is very heat resistant. (rF++)
                  | [Jiyva's grace]
 18824 | Orc:2    | Found an ancient bone altar of Kikubaaqudgha.
 18851 | Orc:2    | Paralysed by an orc sorcerer for 4 turns
 18856 | Orc:2    | Found Etromomig's Magic Scroll Shop.
 18869 | Orc:2    | Paralysed by an orc sorcerer for 4 turns
 18888 | Orc:2    | Found Cenuk's Antique Weapon Boutique.
 18942 | Orc:2    | Bought 3 scrolls of enchant weapon for 315 gold pieces
 18942 | Orc:2    | Bought a scroll of fear for 56 gold pieces
 18942 | Orc:2    | Bought a scroll of fog for 56 gold pieces
 18942 | Orc:2    | Bought a scroll of teleportation for 42 gold pieces
 18948 | Orc:2    | Found Wepp's Jewellery Boutique.
 18960 | Orc:2    | Bought a ring of poison resistance for 300 gold pieces
 19223 | Snake:1  | Found Ijayxteo's Book Emporium.
 19224 | Snake:1  | Found Weyrran's Jewellery Shop.
 19224 | Snake:1  | Found Xoinol's Jewellery Shop.
 19227 | Snake:1  | Identified the serpent talisman of the Beloved Trilobite
                  | {Fly rC+ Dex-4}
 19227 | Snake:1  | Noticed Aizul
 19249 | Snake:1  | Killed Aizul
 19802 | Snake:1  | Reached skill level 15 in Fighting
 19923 | Snake:1  | Noticed a nagaraja
 19935 | Snake:1  | Killed a nagaraja
 20324 | Snake:2  | Found a glowing golden altar of the Shining One.
 20342 | Snake:2  | Noticed Vashnia
 20637 | Snake:3  | Gained mutation: Your pliable body absorbs attacks. (AC +2,
                  | EV +2) [Jiyva's grace]
 20637 | Snake:3  | Gained mutation: Your gelatinous body deflects attacks. (AC
                  | +3, EV +3) [Jiyva's grace]
 20637 | Snake:3  | Gained mutation: Your transparent skin significantly
                  | reduces your foes' accuracy. (Stealth+) [Jiyva's grace]
 20637 | Snake:3  | Gained mutation: You are partially covered in iridescent
                  | scales. (AC +2) [Jiyva's grace]
 20857 | Snake:3  | Acquired the +9 eveningstar of a treasure trove {antimagic,
                  | +Blink Will- SInv}
 21226 | Snake:4  | Entered Level 4 of the Snake Pit
 21297 | Snake:4  | Noticed a nagaraja
 21305 | Snake:4  | Killed a nagaraja
 21435 | Snake:4  | Reached XP level 16. HP: 72/176 MP: 5/16
 21468 | Snake:2  | Reached skill level 15 in Maces & Flails
 21490 | Snake:2  | Killed Vashnia
 21540 | Snake:1  | Bought an amulet of regeneration for 450 gold pieces
 21654 | Snake:2  | Found Toynn's Magic Scroll Shoppe.
 21814 | Snake:2  | Found Sousk's Antique Weapon Shop.
 21814 | Snake:2  | Found Kivaufok's Distillery.
 21912 | Snake:2  | Noticed Donald
 21925 | Snake:2  | Killed Donald
 22030 | Snake:2  | Reached skill level 16 in Maces & Flails
 22390 | Snake:4  | Lost mutation: You are partially covered in iridescent
                  | scales. (AC +2) [Jiyva's grace]
 22390 | Snake:4  | Lost mutation: Your flesh is very heat resistant. (rF++)
                  | [Jiyva's grace]
 22390 | Snake:4  | Lost mutation: Your muscles are very strong. (Str +8,
                  | Int/Dex -2) [Jiyva's grace]
 22390 | Snake:4  | Lost mutation: You have acidic saliva. [Jiyva's grace]
 22390 | Snake:4  | Lost mutation: Armour fits poorly on your massive
                  | pseudopods. [Jiyva's grace]
 22390 | Snake:4  | Lost mutation: Your transparent skin significantly reduces
                  | your foes' accuracy. (Stealth+) [Jiyva's grace]
 22390 | Snake:4  | Gained mutation: Your flesh is very heat resistant. (rF++)
                  | [Jiyva's grace]
 22390 | Snake:4  | Gained mutation: Your flesh is almost immune to the effects
                  | of heat. (rF+++) [Jiyva's grace]
 22390 | Snake:4  | Gained mutation: Your system is resistant to poisons.
                  | (rPois) [Jiyva's grace]
 22390 | Snake:4  | Gained mutation: Armour fits poorly on your massive
                  | pseudopods. [Jiyva's grace]
 22708 | Snake:4  | Identified the +1 dagger of Past Mistakes {vamp, rPois rN+}
 23117 | Snake:4  | HP: 7/179 [constriction (4)]
 23117 | Snake:4  | Slain by a nagaraja

Illustrated notes

Levels and vault maps discovered:
D:1:      scummos_arrival_hexagon, layout_loops_cross, serial_forest,
          infiniplex_forest_corner_2, infiniplex_forest_lined_3_way,
          infiniplex_forest_clump_curved, infiniplex_forest_lined_2,
          chequers_decorated_corner
D:2:      layout_basic
D:3:      layout_basic, nicolae_overflow_crystal_walls,
          gammafunk_temple_overflow_claw
D:4:      layout_rooms, tso_oasis_becter, serial_shops, shop, uniq_edmund,
          uniq_crazy_yiuf_cottage, uniq_pikel, uniq_eustachio
D:5:      layout_loops_ring, fiery_altar_vehumet, serial_bayou_pond_e,
          uniq_grinder
D:6:      layout_cave_pods, gup_sewer_entry_spiral, chequers_garden,
          minmay_ogre_servants, uniq_jeremiah, uniq_menkaure
D:7:      layout_loops_ring, minmay_temple_entry_butterflies
D:8:      layout_layer_cave, grunt_temple_overflow_growth_and_decay,
          kennysheep_mini, david_lair_generic
D:9:      layout_cave_pools, regret_index_temple_of_mockery, serial_shops,
          nicolae_lakefront_shop, kennysheep_minor_cross
D:10:     layout_roguey, david_orc_1_choice, nicolae_the_louvre
D:11:     layout_basic, gammafunk_ghost_ooze, kennysheep_vampire_church
D:12:     layout_irregular_city, serial_ice, serial_ice_d, serial_ice_g,
          serial_ice_h, serial_ice_n
D:13:     layout_loops_ring, chequers_serial_rivers_large_a, uniq_jorgrun,
          uniq_josephine
D:14:     layout_irregular_city, david_vaults_2, nrook_campfire
D:15:     hellmonk_depths_entry_around_the_bend, layout_basic,
          amethyst_killhole, nicolae_trove_entry_isolated, serial_corexii_hall,
          corexii_hall_statues_l, chequers_hall_statues_wall_a, uniq_roxanne
Lair:1:   layout_cave_pods
Lair:2:   layout_regular_city
Lair:3:   layout_regular_city, nicolae_shoals_entry_flooding,
          guppyfry_snake_entry_island, wad_woods_river_01
Lair:4:   layout_misc_corridors, slime_entry_1, ebering_ghost_reflecting_pool,
          cheibrodos_lair_reptile_den, grunt_megastairs_4, lemuel_fruit_tree
Snake:1:  layout_gridlike, minmay_shop_grove, serial_bayou_shore_a, uniq_aizul
Snake:2:  layout_gridlike, serial_shops, nicolae_shop_rolling_square,
          basic_altar, nicolae_triple_integral, minmay_shoptagon, uniq_vashnia,
          uniq_donald
Snake:3:  layout_rooms, corexii_hall_statues_x, nicolae_integral_box
Snake:4:  minmay_snake_end_coiled, layout_gridlike, st_stairs_1
Slime:1:  layout_caves
Slime:2:  layout_caves, nicolae_slime_barrier
Slime:3:  cheibrodos_slime_lost_civilization_1, layout_caves, basic_altar
Slime:4:  layout_caves
Slime:5:  slime_pit_nicolae_amoeboid
Orc:1:    emtedronai_trogs_sanctum, layout_diamond_mine, serial_shops, shop,
          uniq_maurice, uniq_fannar, uniq_snorg
Orc:2:    kennysheep_orc_mage_school, layout_diamond_mine,
          maelrawn_ghost_gauntlet_escape

Skill      XL: |  1  2  3  4  5  6  7  8  9 10 11 12 13 14 15 16 |
---------------+-------------------------------------------------+-----
Maces & Flails | 3 4 6 8 9 10 11 13 14 16 | 16.0
Fighting       | 3 4 5 6 7 8 9 11 12 14 15 | 15.9
Shields        | 2 5 7 9 10 11 12 | 12.9
Throwing       | 3 5 |  5.0
Armour         | 3 5 7 8 |  8.0
Spellcasting   | |  1.0
Fire Magic     | |  2.1

Action                     |  1- 3 |  4- 6 |  7- 9 | 10-12 | 13-15 | 16-18 || total
---------------------------+-------+-------+-------+-------+-------+-------++-------
  Melee: Unarmed           |   118 |   116 |    17 |       |       |       ||   251
         Punch             |       |     1 |       |       |       |       ||     1
         Flail             |       |       |   256 |   786 |  1035 |       ||  2077
         Headbutt          |       |       |       |     2 |   175 |       ||   177
         Pseudopods        |       |       |       |       |   116 |    53 ||   169
         Bite              |       |       |       |       |    60 |    17 ||    77
         Eveningstar       |       |       |       |       |   100 |   270 ||   370
  Throw: Boomerang         |       |       |       |     8 |    19 |    14 ||    41
         Large rock        |       |       |       |       |     3 |       ||     3
 Invoke: Fiery Armour      |       |     1 |     2 |     2 |       |       ||     5
  Evoke: Wand              |       |       |       |       |     5 |     1 ||     6
    Use: Scroll            |     4 |       |     9 |    14 |    12 |       ||    39
         Potion            |       |     1 |       |     1 |     1 |     2 ||     5
   Stab: Sleeping          |       |       |     1 |     1 |     1 |       ||     3
 Armour: Robe              |    76 |   107 |   136 |   251 |    18 |       ||   588
         Acid dragon scale |       |       |       |       |   442 |   135 ||   577
  Dodge: Dodged            |    61 |    69 |    61 |    53 |   143 |    52 ||   439
  Block: Kite shield       |       |       |    44 |       |       |       ||    44
         Tower shield      |       |       |   163 |   952 |  1463 |   392 ||  2970
         Reflection        |       |       |       |    13 |   102 |    15 ||   130

Table legend: (Time is in decaauts)
 A = Elapsed time spent in this place.
 B = Non-inter-level travel time spent in this place.
 C = Inter-level travel time spent in this place.
 D = Time resting spent in this place.
 E = Time spent auto-exploring this place.
 F = Levels seen in this place.
 G = Mean time per level.
                   A        B        C        D        E       F      G
               +--------+--------+--------+--------+--------+-----+--------+
         Total |  23023 |  21510 |   1513 |    236 |  15548 |  30 |  767.4 |
       Dungeon |  12644 |  11831 |    813 |    100 |   8702 |  15 |  842.9 |
          Lair |   4048 |   3778 |    270 |     37 |   2854 |   4 | 1012.0 |
     Snake Pit |   3840 |   3641 |    199 |     53 |   2447 |   4 |  960.0 |
    Slime Pits |    795 |    673 |    122 |      0 |    640 |   5 |  159.0 |
  Orcish Mines |   1695 |   1587 |    108 |     46 |    905 |   2 |  847.5 |
               +--------+--------+--------+--------+--------+-----+--------+

Top non-repeatable levels by time:
  Lair:2: 1235 daAuts
 Snake:1: 1136 daAuts
     D:6: 1126 daAuts
  Lair:3: 1042 daAuts
    D:10: 1036 daAuts
     D:3: 1031 daAuts
   Orc:2: 986 daAuts
     D:8: 975 daAuts
     D:2: 962 daAuts
    D:15: 939 daAuts
    D:13: 917 daAuts
 Snake:4: 915 daAuts
  Lair:4: 914 daAuts
 Snake:2: 907 daAuts
 Snake:3: 880 daAuts
